 Dungeon Crawl Stone Soup version 0.18-a0-1677-g2bdad6c (webtiles) character file.

25384 Kidiri the Thaumaturge (level 12, 0/71 HPs)
             Began as a Deep Elf Fire Elementalist on Apr 2, 2016.
             Was a High Priest of Vehumet.
             Slain by a black mamba (5 damage)
             ... on level 6 of the Lair of Beasts.
             The game lasted 01:09:29 (22586 turns).

Kidiri the Thaumaturge (DEFE)                      Turns: 22586, Time: 01:09:29

Health: 0/71       AC:  6    Str: 14    XL:     12   Next: 89%
Magic:  15/31      EV: 18    Int: 30    God:    Vehumet [*****.]
Gold:   1085       SH:  0    Dex: 15    Spells: 10 memorised, 3 levels left

rFire  . . .     SeeInvis +     b - +11 quarterstaff "Jury" {elec, MR- Str+3 Int+4}
rCold  . . .     Gourm    .     g - +0 robe "Seenor" {+Fly Str+6}
rNeg   + . .     Faith    .     (shield currently unavailable)
rPois  .         Spirit   .     B - +0 helmet
rElec  .         Dismiss  .     p - +2 cloak
rCorr  .         Reflect  .     (no gloves)
SustAt .         Harm     .     (no boots)
MR     .....                    l - amulet of rage
Stlth  ++........               O - ring of positive energy
                                A - ring of see invisible

@: lethally poisoned (0 -> -22), very slightly contaminated, hasted, repel
missiles, very quick, not resistant to hostile enchantments, unstealthy
A: no striking features
a: Renounce Religion, Evoke Berserk Rage, Evoke Flight


You were on level 6 of the Lair of Beasts.
You worshipped Vehumet.
Vehumet was extremely pleased with you.
You were not hungry.

You visited 3 branches of the dungeon, and saw 15 of its levels.
You also visited: Ossuary.

You collected 1085 gold pieces.

Inventory:

Hand Weapons
 a - the +7 mace of the End of Times {drain, +Blink Str+2}
   (You found it on level 3 of the Lair of Beasts)

   A truly terrible weapon, it drains the life of those it strikes.
   It affects your strength (+2).
   It lets you blink.
 b - the +11 quarterstaff "Jury" (weapon) {elec, MR- Str+3 Int+4}
   (You found it on level 3 of the Lair of Beasts)

   Occasionally, upon striking a foe, it will discharge some electrical energy
   and cause terrible harm.
   It affects your strength (+3).
   It affects your intelligence (+4).
   It affects your resistance to hostile enchantments.
 d - the +6 shillelagh "Devastator" {shatter}
   (You found it on level 5 of the Lair of Beasts)
 r - a +9 dagger of flaming
Missiles
 o - 3 throwing nets (quivered)
Armour
 g - the +0 robe "Seenor" (worn) {+Fly Str+6}
   (You found it on level 4 of the Lair of Beasts)

   It affects your strength (+6).
   It lets you fly.
 i - a +2 robe of resistance
 p - a +2 cloak (worn)
 x - a +0 shield
 B - a +0 helmet (worn)
 F - the +2 robe "Dyekk" {MR+ MP+9}
   (You found it on level 6 of the Dungeon)

   It affects your resistance to hostile enchantments.
   It affects your magic capacity (+9).
Jewellery
 l - an amulet of rage (around neck)
 A - a ring of see invisible (left hand)
 O - a ring of positive energy (right hand)
Wands
 n - a wand of confusion (19/48)
Scrolls
 e - a scroll of magic mapping
 k - 6 scrolls of remove curse
 L - a scroll of amnesia
Potions
 f - a potion of agility
 h - a potion of berserk rage
 j - a potion of resistance
 m - 2 potions of lignification
 t - a potion of brilliance
 w - a potion of cancellation
 z - 2 potions of flight
 G - a potion of might
Books
 I - a book of the Sky

   Spells                             Type                      Level
   a - Summon Lightning Spire         Summoning/Air                4
   b - Airstrike                      Air                          4
   c - Silence                        Hexes/Air                    5
   d - Deflect Missiles               Charms/Air                   6
   e - Conjure Ball Lightning         Conjuration/Air              6
   f - Tornado                        Air                          9
Comestibles
 c - 14 bread rations
 q - 11 chunks of flesh
 s - a slice of pizza
 u - 10 beef jerkies


   Skills:
 + Level 6.3 Fighting
 + Level 1.4 Armour
 * Level 9.6 Dodging
 - Level 2.4 Stealth
 + Level 1.1 Shields
 * Level 13.5 Spellcasting
 + Level 8.1 Conjurations
 + Level 9.3 Hexes
 + Level 9.2 Charms
 + Level 9.2 Fire Magic
 + Level 6.3 Air Magic
 + Level 1.3 Evocations


You had 3 spell levels left.
You knew the following spells:

 Your Spells              Type           Power        Failure   Level  Hunger
a - Flame Tongue          Conj/Fire      #####        1%          1    None
b - Throw Flame           Conj/Fire      ######       1%          2    None
c - Conjure Flame         Conj/Fire      ######..     1%          3    None
d - Inner Flame           Hex/Fire       ######..     1%          3    None
e - Sticky Flame          Conj/Fire      ######..     1%          4    None
f - Fireball              Conj/Fire      ######....   1%          5    None
g - Repel Missiles        Chrm/Air       ######       1%          2    None
h - Airstrike             Air            ######....   1%          4    None
i - Lightning Bolt        Conj/Air       ######....   1%          5    None
j - Conjure Ball Lightni  Conj/Air       ######....   5%          6    ####...


Dungeon Overview and Level Annotations

Branches:
Dungeon (8/15)             Temple (1/1) D:6            Lair (6/8) D:8
 Shoals (0/4) Lair:6        Snake (0/4) Lair:5        Slime (0/6) Lair:6

Altars:
Ashenzari
Cheibriados
Dithmenos
Elyvilon
Fedhas
Gozag
Kikubaaqudgha
Makhleb
Nemelex Xobeh
Okawaru
Pakellas
Qazlal
Ru
Vehumet
Yredelemnul
Zin
The Shining One


Message History

Unknown command.
Casting: Sticky Flame
Confirm with . or Enter, or press ? or * to list all spells.
Aiming: Sticky Flame
Press: ? - help, Shift-Dir - straight line, f - spiny frog, p - black mamba
Aim: a spiny frog The sticky flame hits the spiny frog.
The spiny frog is lightly wounded.
The spiny frog is covered in liquid flames!
You feel sick.
The black mamba burns!
The spiny frog burns!
The black mamba bites you!
* * * LOW HITPOINT WARNING * * *
You are more poisoned.
The black mamba poisons you! The spiny frog barely misses you.
You completely miss the black mamba.
The black mamba is lightly wounded.
* * * LOW HITPOINT WARNING * * *
You feel sick.
The black mamba burns!
The spiny frog burns!
The black mamba bites you.
You die...

** *. *** *** #### ##.
*,****,#*** ####..## ##..
**,,*,#.#..#####P..#..# *...
***,,*,,......S@........### *#..
**,,,,+,,......F#Y.........####..
,,,,,,,,,........................
**,,**,,*#.###F#...Y.....#!......
***,***,.,,..##............#....
*,*,,,,......#....Y.....###...
***,,,,**##......##P....F## #.#.
**,,,,,,,,,.##F...###......#*##..
,*,,,*,,,,,,,...#..#.Y...P...,#..


You could see 3 elephants, a black mamba (burning) and 2 spiny frogs.

Vanquished Creatures
  3 hydras
  2 oklob plants (Lair:4)
  A black mamba (Lair:3)
  9 elephants
  12 spiny frogs
  3 komodo dragons
  A rime drake (Lair:4)
  A polar bear (Lair:4)
  9 blink frogs
  Prince Ribbit (D:7)
  14 yaks
  4 hippogriffs
  3 basilisks
  Menkaure (Ossuary)
  2 nagas (Lair:5)
  10 porcupines
  13 water moccasins
  Duvessa (D:7)
  A phantom (D:4)
  2 orc warriors
  2 sky beasts
  A black bear (D:7)
  2 ogres
  5 wolves
  2 centaurs (D:5)
  15 crocodiles
  A big kobold (D:7)
  17 giant frogs
  A wyvern zombie (D:7)
  A water moccasin skeleton (D:4)
  A scorpion (D:8)
  Dowan (D:7)
  6 crimson imps
  5 centaur zombies
  A quasit (D:7)
  A hound (D:8)
  A jelly (D:6)
  A human zombie (Ossuary)
  A centaur skeleton (D:7)
  A giant frog skeleton (D:8)
  7 orc priests
  8 hell rats (Lair:5)
  11 iguanas
  Ijyb (D:3)
  5 worker ants
  9 orc wizards
  19 sheep
  A big kobold zombie (Ossuary)
  An ogre zombie (Ossuary)
  6 mummies (Ossuary)
  A worker ant zombie (D:5)
  7 adders
  93 river rats
  2 oozes (D:1)
  5 adder zombies
  4 adder skeletons
  A worm (D:4)
  2 dart slugs
  4 giant geckos
  33 orcs
  6 giant cockroaches
  2 gnoll zombies (Ossuary)
  4 goblins
  11 hobgoblins
  4 jackals (D:7)
  8 kobolds
  8 quokkas
  A ball python (D:2)
  8 bats
  7 giant newts
  3 goblin zombies (Ossuary)
  4 hobgoblin zombies (Ossuary)
  A jackal skeleton (D:4)
  4 kobold zombies (Ossuary)
  4 quokka zombies (Ossuary)
  27 rats
  2 rat zombies (Ossuary)
  A butterfly (D:6)
  2 fungi (Lair:4)
  A plant (Lair:4)
487 creatures vanquished.

Vanquished Creatures (others)
  12 ball lightnings
  8 fungi
  6 plants
26 creatures vanquished.

Grand Total: 513 creatures vanquished

Notes
Turn   | Place    | Note
--------------------------------------------------------------
     0 | D:1      | Kidiri the Deep Elf Fire Elementalist began the quest for the Orb.
     0 | D:1      | Reached XP level 1. HP: 10/10 MP: 6/6
    91 | D:1      | Reached XP level 2. HP: 15/15 MP: 6/8
    95 | D:1      | Learned a level 2 spell: Throw Flame
   923 | D:1      | Reached XP level 3. HP: 20/20 MP: 6/10
   928 | D:1      | Learned a level 3 spell: Conjure Flame
   932 | D:1      | Learned a level 3 spell: Inner Flame
  1210 | D:2      | Found a sparkling altar of Nemelex Xobeh.
  1800 | D:3      | Reached skill level 1 in Fighting
  1814 | D:3      | Reached XP level 4. HP: 25/25 MP: 2/11
  1815 | D:3      | Found an iron altar of Okawaru.
  1815 | D:3      | Noticed Ijyb
  1927 | D:3      | Killed Ijyb
  1927 | D:3      | Reached skill level 4 in Spellcasting
  1927 | D:3      | Reached skill level 1 in Hexes
  2160 | D:3      | Noticed a giant frog
  2171 | D:3      | Killed a giant frog
  2171 | D:3      | Reached XP level 5. HP: 11/29 MP: 3/14
  2177 | D:3      | Learned a level 4 spell: Sticky Flame
  3028 | D:4      | Reached XP level 6. HP: 34/34 MP: 10/15
  3099 | D:4      | Reached skill level 5 in Spellcasting
  3421 | D:4      | Got a vibrating tin ring
  3427 | D:4      | Identified the cursed ring "Xop Ergho" {AC-3 Str+3} (You found it on level 4 of the Dungeon)
  3452 | D:4      | Found a sand-covered staircase.
  3461 | Ossuary  | Entered an ossuary
  3739 | Ossuary  | Reached XP level 7. HP: 37/40 MP: 8/17
  4606 | Ossuary  | Reached skill level 5 in Fire Magic
  4939 | Ossuary  | Noticed Menkaure
  4947 | Ossuary  | Killed Menkaure
  4947 | Ossuary  | Reached skill level 6 in Spellcasting
  5075 | D:4      | Learned a level 5 spell: Fireball
  5328 | D:5      | Entered Level 5 of the Dungeon
  5330 | D:5      | Reached skill level 5 in Dodging
  5338 | D:5      | Reached XP level 8. HP: 26/45 MP: 5/19
  5476 | D:5      | Learned a level 2 spell: Repel Missiles
  5816 | D:5      | Reached skill level 1 in Air Magic
  5969 | D:5      | Reached skill level 7 in Spellcasting
  5969 | D:5      | Reached skill level 1 in Charms
  5981 | D:5      | Gained mutation: You are occasionally teleported next to monsters. [mutagenic meat]
  5982 | D:5      | Gained mutation: You have a pair of small antennae on your head. [mutagenic meat]
  5983 | D:5      | Lost mutation: You have a pair of small antennae on your head. [mutagenic meat]
  7114 | D:6      | Identified a +0 rod of clouds (12/12) (You found it on level 6 of the Dungeon)
  7138 | D:6      | Found a blossoming altar of Fedhas.
  7158 | D:6      | Got a colourful robe
  7169 | D:6      | Identified the +2 robe "Dyekk" {MR+ MP+9} (You found it on level 6 of the Dungeon)
  7361 | D:6      | Found a staircase to the Ecumenical Temple.
  7387 | Temple   | Entered the Ecumenical Temple
  7917 | D:6      | Reached skill level 5 in Hexes
  7917 | D:6      | Reached XP level 9. HP: 49/51 MP: 22/22
  7941 | D:6      | Found a sacrificial altar of Ru.
  7992 | D:6      | Reached skill level 8 in Spellcasting
  8252 | D:6      | Learned a level 4 spell: Airstrike
  9045 | D:7      | Reached skill level 5 in Conjurations
  9096 | D:7      | Found a radiant altar of Vehumet.
  9143 | D:7      | Became a worshipper of Vehumet
  9278 | D:7      | Noticed Prince Ribbit
  9290 | D:7      | Killed Prince Ribbit
  9290 | D:7      | Reached skill level 9 in Spellcasting
  9423 | D:7      | Noticed Duvessa
  9424 | D:7      | Noticed Dowan
  9443 | D:7      | Killed Dowan
  9452 | D:7      | Killed Duvessa
 10253 | D:8      | Reached * piety under Vehumet
 10253 | D:8      | Offered knowledge of Freeze by Vehumet.
 10318 | D:8      | Found a staircase to the Lair.
 11371 | Lair:1   | Entered Level 1 of the Lair of Beasts
 11549 | Lair:1   | Reached XP level 10. HP: 47/57 MP: 25/25
 11661 | Lair:1   | Noticed a four-headed hydra
 11690 | Lair:1   | Killed a four-headed hydra
 11690 | Lair:1   | Reached skill level 5 in Charms
 11707 | Lair:1   | Reached skill level 10 in Spellcasting
 11940 | Lair:1   | Noticed a spiny frog
 12120 | Lair:1   | Learned a level 5 spell: Lightning Bolt
 12241 | Lair:1   | Noticed a spiny frog
 12265 | Lair:1   | Killed a spiny frog
 12652 | Lair:1   | Killed a spiny frog
 12652 | Lair:1   | Reached skill level 5 in Fighting
 13029 | Lair:1   | Offered knowledge of Searing Ray by Vehumet.
 13062 | Lair:1   | Reached ** piety under Vehumet
 13210 | Lair:1   | Noticed a spiny frog
 13219 | Lair:1   | Killed a spiny frog
 13368 | Lair:1   | Noticed a spiny frog
 13376 | Lair:1   | Killed a spiny frog
 13467 | Lair:1   | Reached skill level 11 in Spellcasting
 13467 | Lair:1   | Reached XP level 11. HP: 54/63 MP: 28/28
 14376 | Lair:2   | Offered knowledge of Throw Frost by Vehumet.
 14521 | Lair:2   | Reached skill level 5 in Air Magic
 14645 | Lair:2   | Reached *** piety under Vehumet
 15226 | Lair:2   | Offered knowledge of Stone Arrow by Vehumet.
 15729 | Lair:3   | Noticed a seven-headed hydra
 15749 | Lair:3   | Killed a seven-headed hydra
 15749 | Lair:3   | Reached skill level 12 in Spellcasting
 16017 | Lair:3   | Got a crystal quarterstaff
 16018 | Lair:3   | Identified the +11 quarterstaff "Jury" {elec, MR- Str+3 Int+4} (You found it on level 3 of the Lair of Beasts)
 16790 | Lair:3   | Reached **** piety under Vehumet
 16825 | Lair:2   | HP: 3/64 [poisoned by a spiny frog]
 17337 | Lair:3   | Got a dazzling mace
 17338 | Lair:3   | Identified the +7 mace of the End of Times {drain, +Blink Str+2} (You found it on level 3 of the Lair of Beasts)
 17395 | Lair:3   | Reached XP level 12. HP: 69/69 MP: 30/30
 17403 | Lair:3   | Learned a level 6 spell: Conjure Ball Lightning
 17883 | Lair:2   | Offered knowledge of Ignite Poison by Vehumet.
 18800 | Lair:4   | Noticed a four-headed hydra
 19822 | Lair:4   | Got a heavily jewelled robe
 19833 | Lair:4   | Identified the cursed +0 robe "Seenor" {+Fly Str+6} (You found it on level 4 of the Lair of Beasts)
 20120 | Lair:5   | Found a staircase to the Snake Pit.
 20453 | Lair:5   | Reached skill level 13 in Spellcasting
 20744 | Lair:5   | Lost mutation: You are occasionally teleported next to monsters. [potion of cure mutation]
 21093 | Lair:5   | Reached ***** piety under Vehumet
 21094 | Lair:5   | Offered knowledge of Spellforged Servitor by Vehumet.
 21584 | Lair:4   | Killed a four-headed hydra
 22042 | Lair:4   | Reached skill level 1 in Evocations
 22258 | Lair:5   | Reached skill level 1 in Armour
 22419 | Lair:4   | Reached skill level 1 in Shields
 22586 | Lair:6   | Slain by a black mamba

Vault maps used:
D:1:      dpeg_arrival_windows_large_door, serial_glass, glass_columns_b,
          glass_columns_b
D:2:      nemelex_xobeh_ov_fountains_minmay, first_bread
D:3:      okawaru_ov_weapons_minmay, uniq_iyjb
D:4:      enter_ossuary_1
D:5:      grunt_decor_cap, minmay_hedge_maze
D:6:      nicolae_ru_path_of_blood, old_standard_altar,
          minmay_temple_entry_butterflies
D:7:      vehumet_crystals, grunt_ogre_cave, uniq_prince_ribbit1, uniq_duvessa
D:8:      due_lair_maze_entry_diamond, kennysheep_cross_bottleneck
Temple:   water_room_temple_b_12
Lair:1:   st_stairs_8
Lair:3:   infiniplex_staircase_pool_2, serial_bayou_shore_b, grunt_megastairs_1
Lair:4:   minmay_lair_oklob_items, beast_lair_carwin_7
Lair:5:   lemuel_ratsnest, guppyfry_snake_entry_garden, minivault_19,
          hangedman_lair_unloving_vines
Lair:6:   elwin_shoals_entry_rooms, slime_altar_1, portal_ice_cave_entry_dragon,
          grunt_megastairs_2
Ossuary:  ossuary_boxes_badplayer

Skill      XL: |  1  2  3  4  5  6  7  8  9 10 11 12 |
---------------+-------------------------------------+-----
Dodging        | 3 4 5 6 7 8 9 |  9.6
Fighting       | 1 2 3 4 5 6 |  6.3
Spellcasting   | 4 5 6 7 9 11 12 13 | 13.5
Conjurations   | 2 3 4 5 6 7 8 |  8.1
Hexes          | 2 3 4 5 7 8 9 |  9.3
Fire Magic     | 4 5 6 7 8 9 |  9.2
Air Magic      | 1 3 4 5 6 |  6.3
Charms         | 2 4 6 7 9 |  9.2
Evocations     | 1 |  1.3
Armour         | 1 |  1.4
Shields        | 1 |  1.1
Stealth        | |  2.4

Action                   |  1- 3 |  4- 6 |  7- 9 | 10-12 || total
-------------------------+-------+-------+-------+-------++-------
Melee: Unarmed           |     5 |       |       |       ||     5
       Dagger            |     2 |    63 |   155 |    51 ||   271
       Staff             |       |       |       |    14 ||    14
       Quarterstaff      |       |       |       |   106 ||   106
Throw: Throwing net      |       |       |       |     1 ||     1
 Cast: Flame Tongue      |    44 |    65 |   245 |   444 ||   798
       Throw Flame       |    20 |    16 |    52 |    87 ||   175
       Sticky Flame      |       |     3 |    28 |    94 ||   125
       Conjure Flame     |       |       |     9 |    18 ||    27
       Fireball          |       |       |     5 |    15 ||    20
       Inner Flame       |       |       |     3 |     9 ||    12
       Repel Missiles    |       |       |     1 |     1 ||     2
       Airstrike         |       |       |     2 |     6 ||     8
       Conjure Ball Ligh |       |       |       |     8 ||     8
       Lightning Bolt    |       |       |       |     4 ||     4
Evoke: Wand              |       |     1 |     1 |     1 ||     3
  Use: Scroll            |     3 |     5 |    18 |    19 ||    45
       Potion            |       |     1 |       |     8 ||     9
 Stab: Sleeping          |       |     3 |    10 |       ||    13
       Confused          |       |     1 |       |       ||     1
       Distracted        |       |       |       |     1 ||     1
  Eat: Chunk             |     3 |     6 |    14 |    11 ||    34
       Meat ration       |       |       |     4 |     3 ||     7
       Fruit             |       |       |       |     5 ||     5
       Royal jelly       |       |       |       |     1 ||     1
       Pizza             |       |       |       |     1 ||     1
